 Dungeon Crawl Stone Soup version 0.15.2 (webtiles) character file.

22 aimeelou the Caller (level 2, 0/11 HPs)
             Began as a Felid Summoner on Jan 31, 2015.
             Slain by a hobgoblin
             ... wielding a +0 club
              (3 damage)
             ... on Level 1 of the Dungeon.
             The game lasted 00:03:33 (1718 turns).

aimeelou the Caller (Felid Summoner)                Turns: 1718, Time: 00:03:33

HP   0/11        AC  1     Str  4      XL: 2   Next: 68%
MP   5/5         EV 18     Int 16      God:
Gold 62          SH  0     Dex 16      Spells:  2 memorised,  2 levels left
Lives: 0, deaths: 0

rFire  . . .     SeeInvis +     (weapon unavailable)
rCold  . . .     Clarity  .     (armour unavailable)
rNeg   . . .     rCorr    .     (shield unavailable)
rPois  .         rRot     .     (helmet unavailable)
rElec  .         Spirit   .     (cloak unavailable)
SustAb .         Warding  .     (gloves unavailable)
rMut   .         Stasis   .     (boots unavailable)
Gourm  .                        (no amulet)
MR     .....                    (no ring)
                                (no ring)

@: quick, not resistant to hostile enchantments, fairly stealthy
A: paw claws, no armour, no weapons or thrown items, fangs 3, see invisible,
carnivore 3, speed 1, shaggy fur 1, slow metabolism 1, jump 1
a: Jump Attack


You were on level 1 of the Dungeon.
You were not hungry.

You visited 1 branch of the dungeon, and saw 1 of its levels.

You collected 62 gold pieces.

Inventory:

Comestibles
 c - a meat ration
 f - a slice of pizza
Scrolls
 a - 4 scrolls of identify {unknown}
 d - a scroll of enchant armour {unknown}
 e - a scroll of remove curse {unknown}
 h - a scroll of teleportation {unknown}
Potions
 g - a potion of curing {unknown}
Books
 b - a book of Callings

   Spells                             Type                      Level
   *Summon Small Mammal               Summoning                    1
   *Call Imp                          Summoning                    2
   Call Canine Familiar               Summoning                    3
   Summon Guardian Golem              Hexes/Summoning              4
   Summon Lightning Spire             Summoning/Air                4
   Summon Ice Beast                   Ice/Summoning                4


   Skills:
 + Level 3.1 Dodging
 + Level 3.0 Stealth
 + Level 2.2 Spellcasting
 * Level 4.3 Summonings


You had 2 spell levels left.
You knew the following spells:

 Your Spells              Type           Power        Failure   Level  Hunger
a - Summon Small Mammal   Summ           ###.         4%          1    #......
b - Call Imp              Summ           ###.....     8%          2    ##.....


Dungeon Overview and Level Annotations

Branches:
Dungeon (1/15)

Altars:


Innate Abilities, Weirdness & Mutations

You cannot wear armour.
You are incapable of wielding weapons or throwing items.
Your paws have sharp claws.
You have razor-sharp teeth.
You have supernaturally acute eyesight.
You are carnivorous and can eat meat at any time.
You cover ground quickly.
You are covered in fur (AC +1).
You have a slow metabolism.
You can jump attack at a short distance.


Message History

You scratch the hobgoblin but do no damage.
The hobgoblin barely misses you.
You barely miss the hobgoblin.
You bite the hobgoblin, but do no damage.
The hobgoblin barely misses you.
You scratch the hobgoblin.
The hobgoblin begins to bleed from its wounds!
You bite the hobgoblin, but do no damage.
The hobgoblin is moderately wounded.
You scratch the hobgoblin but do no damage.
The hobgoblin is heavily wounded.
The hobgoblin hits you with a club.
You scratch the hobgoblin.
The hobgoblin is almost dead.
The hobgoblin hits you with a club.
* * * LOW HITPOINT WARNING * * *
You closely miss the hobgoblin.
The hobgoblin is almost dead.
The hobgoblin hits you with a club.
You die...

#.##..##.#######...#
#.###...>..........# #.#
####.########### ## #.# #..#
#########. #.# #)##
####.........
#.#####.######..[.......##
#...........##..........##
###.......g...............#
#.).###...@..####.....###..
###)### #......####..........
#....# #####.###..........#.
#....########.##......#....##
#.................#..##....##
#.....########.###...#.......
#####...###.........##.#...##
###.....##..###....#...#
###..#.........###...#


You could see a hobgoblin (bleeding).

Vanquished Creatures
  A giant gecko (D:1)
  2 giant cockroaches (D:1)
  5 hobgoblins (D:1)
  A bat (D:1)
  2 giant newts (D:1)
  2 goblins (D:1)
  3 kobolds (D:1)
  5 rats (D:1)
21 creatures vanquished.

Notes
Turn   | Place    | Note
--------------------------------------------------------------
     0 | D:1      | aimeelou, the Felid Summoner, began the quest for the Orb.
     0 | D:1      | Reached XP level 1. HP: 7/7 MP: 4/4
   408 | D:1      | Reached XP level 2. HP: 4/11 MP: 5/5
   828 | D:1      | Learned a level 2 spell: Call Imp
  1718 | D:1      | Slain by a hobgoblin

Action                   || total
-------------------------++-------
Melee: Unarmed           ||    97
 Stab: Sleeping          ||     2
       Distracted        ||     1
  Eat: Chunk             ||     3
